AoeStats
← GORGORY

Arena

509365425Analyzed
1v1 RM · 6d ago on Sep 26, 2026· 26m 48s· 2 players
Game mode
Random Map
Map size
Tiny (2 player)
Population
200
Speed
Normal
Resources
Standard
Victory
Conquest
Starting age
Dark Age
Ending age
Imperial Age
RankedLock teamsTeams togetherTeam positionsShared explorationLock speedFull tech treeHidden civsTurbo modeCheats
Victory
Defeat
🇨🇱 Vietnamese · Chile
974
+15
🇦🇷 Ethiopians · Argentina
962
-15
GORGORY
5:27 Loom
9:10 Feudal Age
9:35 Double-Bit Axe
9:31 Horse Collar
13:02 Wheelbarrow
17:21 Castle Age
15:48 Stone Mining
16:15 Gold Mining
19:30 Town Watch
20:15 Fervor
24:03 Sanctity
25:28 Squires
25:14 Arson
27:09 Ballistics
adrianovcb
12:15 Feudal Age
12:51 Loom
14:33 Wheelbarrow
16:28 Castle Age
14:18 Double-Bit Axe
14:41 Horse Collar
15:40 Gold Mining
17:55 Bow Saw
17:48 Heavy Plow
17:12 Elite Skirmisher
17:55 Padded Archer Armor
18:38 Hand Cart
22:44 Fletching
24:34 Bodkin Arrow
25:19 Ballistics
Connection lost

Rejoining the realm…

Still unreachable

The connection could not be restored.

Session expired

The server has moved on; the page needs a fresh start.